 Dungeon Crawl Stone Soup version 0.24.0-37-gcf1ca852f1 (webtiles) character file.

Game seed: 13036157855750471952, levelgen mode: deterministic

103 PentaManta the Sneak (level 4, -2/21 HPs)
             Began as a Spriggan Enchanter on Dec 6, 2019.
             Slain by Natasha (8 damage)
             ... on level 3 of the Dungeon.
             The game lasted 00:05:02 (1678 turns).

PentaManta the Sneak (Spriggan Enchanter)           Turns: 1678, Time: 00:05:03

Health: -2/21      AC:  2    Str:  4    XL:     4   Next: 51%
Magic:  8/10       EV: 19    Int: 16    God:
Gold:   154        SH:  0    Dex: 17    Spells: 1/10 levels left

rFire    . . .     SeeInvis +   e - +3 dagger (venom)
rCold    . . .     Gourm    .   (shield restricted)
rNeg     . . .     Faith    .   b - +0 robe
rPois    .         Spirit   .   (helmet restricted)
rElec    .         Reflect  .   (no cloak)
rCorr    .         Harm     .   (gloves unavailable)
MR       .....                  (boots unavailable)
Stlth    +++.......             g - amulet of magic regeneration
HPRegen  0.07/turn              (no ring)
MPRegen  0.37/turn              (no ring)

@: very quick
A: very small, unfitting armour, see invisible, herbivore, speed 3, slow
metabolism 2
a: no special abilities


You were on level 3 of the Dungeon.
You were not hungry.

You visited 1 branch of the dungeon, and saw 3 of its levels.

You collected 154 gold pieces.

Inventory:

Hand Weapons
 e - a +3 dagger of venom (weapon)
Armour
 b - a +0 robe (worn)
Jewellery
 g - an amulet of magic regeneration (around neck)
Scrolls
 k - 4 scrolls of identify
 l - a scroll of enchant weapon {unknown}
 p - a scroll of magic mapping
Potions
 a - 2 potions of degeneration {unknown}
 c - 2 potions of curing {unknown}
 f - 2 potions of agility {unknown}
 h - a potion of lignification {unknown}
 i - a potion of mutation {unknown}
 j - a potion of magic {unknown}
 m - a potion of might
 n - a potion of cancellation {unknown}
 q - a potion of resistance {unknown}
Comestibles
 d - 7 rations


   Skills:
 - Level 1.1 Short Blades
 + Level 3.5 Dodging
 + Level 6.5 Stealth
 * Level 3.6 Spellcasting
 * Level 4.3 Hexes


You had one spell level left.
You knew the following spells:

 Your Spells              Type           Power        Failure   Level  Hunger
a - Corona                Hex            ###....      3%          1    None
b - Ensorcelled Hibernat  Hex/Ice        #.....       11%         2    ##.....
c - Confuse               Hex            ###.....     9%          3    ###....
d - Tukima's Dance        Hex            ###.....     9%          3    ###....

Your spell library contained the following spells:

 Spells                   Type           Power        Failure   Level  Hunger
 Dazzling Spray           Conj/Hex       #.....       22%         3    ###....


Dungeon Overview and Level Annotations

Branches:
Dungeon (3/15)

Altars:

Annotations:
D:3 Natasha


Innate Abilities, Weirdness & Mutations

You are very small and have problems with some larger weapons.
You are too small for most types of armour.
You have supernaturally acute eyesight. (SInv)
You are a herbivore.
You cover ground extremely quickly.
You need to consume almost no food.


Message History

Press: ? - help, Shift-Dir - straight line, f - you, p - Natasha That would be overly suicidal.
Okay, then.
Casting: Ensorcelled Hibernation (safe; 11% risk of failure)
Confirm with . or Enter, or press ? or * to list all spells.
Aiming: Ensorcelled Hibernation (safe; 11% risk of failure)
Press: ? - help, Shift-Dir - straight line, f - Natasha
Aim: Natasha (not susceptible)
Okay, then.
You closely miss Natasha.
Natasha casts a spell.
You barely miss Natasha. Natasha barely misses you.
You hit Natasha.
Natasha is poisoned.
Natasha is moderately wounded.
The white imp hits you. The white imp freezes you. Natasha claws you.
* * * LOW HITPOINT WARNING * * *
You hit Natasha.
Natasha is severely wounded.
The white imp misses you. Natasha claws you!
You die...

#.......#######.###.#
...............##.# #.#
###.......####..#.# #..
#.......# ##.#.#####
#.......# #........
#####.########.###### #.
.........#
#################..#####
......h@5.........†.....
#################.#.##.#
#.#.##.# #.#..#.#
#.##.#.# #<##.#.#
######.#.# #.........
#.####.#.#


You could see Natasha and a white imp.

Vanquished Creatures
  Terence (D:2)
  3 adders
  2 worms
  A dart slug (D:3)
  A leopard gecko (D:2)
  2 giant cockroaches
  6 hobgoblins
  5 kobolds
  8 bats
  4 frilled lizards
  6 goblins
  5 rats
44 creatures vanquished.

Notes
Turn   | Place    | Note
-------+----------+-------------------------------------------
     0 | D:1      | PentaManta the Spriggan Enchanter began the quest for the
                  | Orb.
     0 | D:1      | Reached XP level 1. HP: 9/9 MP: 5/5
   446 | D:1      | Reached skill level 5 in Stealth
   451 | D:1      | Reached XP level 2. HP: 13/13 MP: 3/6
   457 | D:1      | Learned a level 2 spell: Ensorcelled Hibernation
   656 | D:1      | You fall into a shaft and drop 1 floor!
   666 | D:2      | Reached skill level 6 in Stealth
   722 | D:2      | Reached XP level 3. HP: 13/16 MP: 8/8
   732 | D:2      | Noticed Terence
   783 | D:2      | Killed Terence
  1006 | D:2      | Reached XP level 4. HP: 21/21 MP: 6/9
  1100 | D:2      | Learned a level 3 spell: Confuse
  1104 | D:2      | Learned a level 3 spell: Tukima's Dance
  1666 | D:3      | Noticed Natasha
  1678 | D:3      | Slain by Natasha

Levels and vault maps discovered:
D:1:      dpeg_arrival_concentric_ovals, layout_basic, grunt_decor_mini_mirrors
D:2:      layout_rooms, uniq_terence
D:3:      layout_basic, first_ration, uniq_natasha

Skill      XL: |  1  2  3 |
---------------+----------+-----
Stealth        | 5 6 |  6.5
Spellcasting   | 3 |  3.6
Hexes          | 4 |  4.3
Short Blades   | |  1.1
Dodging        | |  3.5

Action                   |  1- 3 |  4- 6 || total
-------------------------+-------+-------++-------
Melee: Dagger            |    51 |    26 ||    77
 Cast: Corona            |     4 |       ||     4
       Ensorcelled Hiber |     1 |     2 ||     3
  Use: Scroll            |     1 |     4 ||     5
 Stab: Sleeping          |     4 |     9 ||    13
       Distracted        |       |     1 ||     1
Armor: Robe              |     2 |       ||     2
Dodge: Dodged            |    39 |    10 ||    49
